daggerhack, chaotic female human Rogue --- --- ---- ---- -----.---.---- ---- |..---..| --.--.........| ----... |.......-- |.........-...-- |...... ---......| |......--- |...-- |..u... --......| -....-.| |....| --@|..% |.......---- |.| ---.-.-- .-|... |..--......| |.| |...| # # .-- -----......| |.|--.-----.--. .... ---......%-- |.|...--......- --.... --..........| |.|.-.......... |....| |.........%.| |...............- --.... --......|.--- -.---.......-).%| #|... |...|^-|.| .-.-%.#.-%.-- --.----|.| .%.|-%--... --- |.| .-- |.*.... --.----- ....- |.....^. |.<----- ---- daggerhack the Cutpurse Experience level: 5 Strength: 14 Dexterity: 18 Constitution: 16 Intelligence: 9 Wisdom: 10 Charisma: 8 Health: 0(33) Energy: 17(17) AC: 7 Gold: 259 Moves: 761 Your Inventory: Coins $ - 259 gold pieces Weapons a - an uncursed +1 short sword (weapon in hand) b - 4 uncursed +0 daggers (in quiver) k - 23 [uncursed +0] darts n - 14 [uncursed +0] arrows o - an [uncursed +0] bow q - a [blessed +0] arrow r - a [cursed -2] arrow v - an [uncursed +1] arrow w - an [uncursed +0] runed dagger [elven] Armor c - an uncursed +1 leather armor (being worn) s - a [cursed -1] hooded cloak [dwarvish] t - an [uncursed +0] pair of hard shoes [iron] y - an [uncursed +0] hooded cloak [dwarvish] Comestibles m - an [uncursed] food ration Scrolls h - a blessed scroll labeled PRIRUTSENIE [of enchant weapon] B - an [uncursed] scroll labeled ELBIB YLOH [of teleportation] Potions d - an uncursed potion of sickness Tools e - an uncursed lock pick f - an uncursed sack g - an uncursed blindfold i - an uncursed tin whistle l - 2 [uncursed tallow] candles p - 2 [uncursed wax] candles u - an [uncursed +0] pick-axe Gems j - 2 uncursed white gems [worthless glass] x - 2 [uncursed] yellow gems [worthless glass] z - an [uncursed] violet gem [amethyst] A - an [uncursed] yellowish brown gem [worthless glass] C - 2 [uncursed] blue gems [worthless glass] Spells known in the end: Name Level Category Fail Memory Your skills at the end: Fighting Skills Weapon Skills dagger [Basic / Expert] short sword [Basic / Expert] Spellcasting Skills Final Attributes: You were fervently aligned. Hunger level was 149. Your alignment was 13 / 13. Monster difficulty range was 0 - 4. Level difficulty was 4. You were stealthy. Your luck was zero. You are dead. Vanquished creatures: a gnome lord a kitten 2 dwarves an iguana a gas spore a hobbit a hobgoblin a yellow mold 8 gnomes a gecko a jackal 2 bats 2 newts 23 creatures vanquished. Voluntary challenges: You used a wielded weapon 24 times. You read items or engraved 1 time. You put on armor 1 time. You never genocided any monsters. You never polymorphed an object. You never changed form. You used no wishes. You wrote Elbereth's name 1 time. You never encountered a bones level. You never used any Sokoban shortcuts. Dungeon overview: The Dungeons of Doom: levels 1 to 3 Level 1 a long staircase Level 3 an altar, some fountains stairs to The Gnomish Mines The Gnomish Mines: Level 4 <- You were here stairs to The Dungeons of Doom History has recorded: On T:1 you entered the Dungeons of Doom to retrieve the Amulet of Yendor! On T:198 you reached level 2 of The Dungeons of Doom. On T:355 you reached level 3 of The Dungeons of Doom. On T:366 you advanced to experience level 2. On T:487 you advanced to experience level 3. On T:497 you reached level 1 of The Gnomish Mines. On T:601 you advanced to experience level 4. On T:625 you advanced to experience level 5. Latest messages: p - a candle. C - 2 blue gems. The pony kicks! The pony bites! You kill the iguana! The pony kicks! The pony bites! The pony kicks! The pony bites! You write "Elbereth" with your fingers into the dust. The pony turns to flee! (2x) [2 turns] You are beginning to feel hungry. The dagger hits the pony. The pony kicks! The pony bites! The dagger hits the pony. The pony kicks! The pony bites! You die... The sack is empty. Final status: Goodbye daggerhack the Rogue... You died in The Gnomish Mines on dungeon level 4 with 976 points, and 259 pieces of gold, after 761 moves. You were level 5 with a maximum of 33 hit points when you died.